 Dungeon Crawl Stone Soup version 0.30-a0-297-g0ec75d9ef4 (webtiles) character file.

Game seed: 18272149237938005376

13 ImHallYall the Chiller (level 2, 19/19 HPs)
             Began as a Human Ice Elementalist on Oct 11, 2022.
             Was a Follower of Cheibriados.
             Quit the game on level 1 of the Dungeon on Oct 18, 2022.
             The game lasted 00:04:37 (942 turns).

ImHallYall the Chiller (Human Ice Elementalist)      Turns: 942, Time: 00:04:37

Health: 19/19      AC:  2    Str: 11    XL:     2   Next: 50%
Magic:  5/5        EV: 12    Int: 18    God:    Cheibriados [*.....]
Gold:   0          SH:  0    Dex: 16    Spells: 4/5 levels left

rFire   . . .      SeeInvis .    d - +0 club
rCold   . . .      Faith    .    (no shield)
rNeg    . . .      Spirit   .    a - +0 robe
rPois   .          Reflect  .    (no helmet)
rElec   .          Harm     .    (no cloak)
rCorr   .          Rampage  .    (no gloves)
Will    .....                    (no boots)
Stlth   ++........               (no amulet)
HPRegen 0.23/turn                (no ring)
MPRegen 0.09/turn                (no ring)

@: very slow
A: no striking features
a: Renounce Religion, Bend Time


You were on level 1 of the Dungeon.
You worshipped Cheibriados.
Cheibriados was aware of your devotion.
You visited 1 branch of the dungeon, and saw 1 of its levels.

Inventory:

Hand Weapons
 d - a +0 club (weapon)
Armour
 a - a +0 robe (worn)
 g - a +0 robe
Scrolls
 f - a scroll of vulnerability
 h - a scroll of acquirement {unknown}
Potions
 b - a potion of magic
 c - a potion of lignification {unknown}


   Skills:
 + Level 0.2 Fighting
 + Level 0.1 Maces & Flails
 + Level 2.0 Dodging
 + Level 2.0 Stealth
 + Level 0.6 Unarmed Combat
 + Level 2.0 Spellcasting
 + Level 4.3 Ice Magic


You had 4 spell levels left.
You knew the following spells:

 Your Spells              Type           Power      Damage    Failure   Level
a - Freeze                Ice            68%        1d8       3%          1

Your spell library contained the following spells:

 Spells                   Type           Power      Damage    Failure   Level
 Frozen Ramparts          Ice            34%        1d6       9%          3
 Ozocubu's Armour         Ice            17%        N/A       9%          3
 Summon Ice Beast         Ice/Summ       9%         N/A       58%         4


Dungeon Overview and Level Annotations

Branches:
Dungeon (1/15)

Altars:
Cheibriados

Shops:
D:1 :


Message History

You hit the quokka but do no damage. The quokka barely misses you.
You hit the quokka.
The quokka is heavily wounded.
The quokka barely misses you. x2
You hit the quokka.
The quokka is severely wounded.
The quokka bites you.
You hit the quokka.
You kill the quokka!
Cheibriados thoroughly appreciates the change of pace.
Cheibriados raises the support of your attributes as your movement slows.
h - a scroll labelled FEKLETZ ZONWO A rat comes into view.
As you read the scroll labelled NISUCSYOMM, it crumbles to dust.
It is a scroll of identify.
f - a scroll of vulnerability The helpless rat fails to defend itself.
You hit the rat.
The rat is heavily wounded.
The rat misses you.
You barely miss the rat.
The rat is heavily wounded.
The rat misses you.
You hit the rat.
You kill the rat!
Cheibriados appreciates the change of pace.
You see here a rat corpse.
You start resting.
HP restored.
You start waiting.
Done waiting.
You start waiting.
Done waiting.
A giant cockroach comes into view.
A giant cockroach is nearby!
Unknown command.
Unknown command.
Unknown command.
Unknown command.
Are you sure you want to abandon this character and quit the game? (Confirm with "yes".)

###....## #.....##
##(....# # #....#.# ####.
###....#.#
B....#####....##..#
#........#..#.(##
#.......#....########
###@................
######........#.#########
##.......####..#.# ###
##..####..# #..#.# #..
#..#.รท...## .....#
####.. #.##.##### #.[.###
#..... #....# #.#.#
###.##.. ###### ###..
#...#### #.#.#


You could see a giant cockroach (asleep).

Vanquished Creatures
  2 dart slugs (D:1)
  A bat (D:1)
  A goblin (D:1)
  A hobgoblin (D:1)
  A quokka (D:1)
  A ball python (D:1)
  2 rats (D:1)
9 creatures vanquished.

Notes
Turn   | Place    | Note
-------+----------+-------------------------------------------
     0 | D:1      | ImHallYall the Human Ice Elementalist began the quest for
                  | the Orb.
     0 | D:1      | Reached XP level 1. HP: 13/13 MP: 3/3
    48 | D:1      | Found Yxiff's Book Emporium.
   107 | D:1      | Found a faded altar of an unknown god.
   129 | D:1      | Reached XP level 2. HP: 3/19 MP: 5/5
   414 | D:1      | Prayed at the altar of an unknown god.
   414 | D:1      | Became a worshipper of Cheibriados the Contemplative
   414 | D:1      | Reached * piety under Cheibriados
   518 | D:1      | Upgraded the game from 0.30-a0-242-g7bf8e6d787 to
                  | 0.30-a0-297-g0ec75d9ef4
   942 | D:1      | Quit the game

Illustrated notes

Levels and vault maps discovered:
D:1:      lightli_arrival_lavapool, layout_rooms, serial_shops,
          nicolae_square_shop, shapermc_ecumenical_altar_totnotflames

Action                   || total
-------------------------++-------
Melee: Club              ||    44
       Unarmed           ||    10
       Punch             ||     1
 Cast: Freeze            ||     1
  Use: Scroll            ||     1
 Stab: Sleeping          ||     2
Armor: Robe              ||    18
Dodge: Dodged            ||    38

Table legend: (Time is in decaauts)
 A = Elapsed time spent in this place.
 B = Non-inter-level travel time spent in this place.
 C = Inter-level travel time spent in this place.
 D = Time resting spent in this place.
 E = Time spent auto-exploring this place.
 F = Levels seen in this place.
 G = Mean time per level.
                   A        B        C        D        E       F      G
               +--------+--------+--------+--------+--------+-----+--------+
         Total |   1006 |   1006 |      0 |    583 |    178 |   1 | 1006.0 |
       Dungeon |   1006 |   1006 |      0 |    583 |    178 |   1 | 1006.0 |
               +--------+--------+--------+--------+--------+-----+--------+

Top non-repeatable levels by time:
     D:1: 1006 daAuts
